 Dungeon Crawl Stone Soup version 0.29-a0-823-gc37b1572da (webtiles) character file.

Game seed: 13394211016405290884

553 IdlyInterested the Trooper (level 7, -8/66 HPs)
             Began as a Demonspawn Fighter on July 8, 2022.
             Killed by divine providence
             ... invoked by an orc priest
              (12 damage)
             ... on level 3 of the Dungeon.
             The game lasted 00:07:05 (3615 turns).

IdlyInterested the Trooper (Demonspawn Fighter)     Turns: 3615, Time: 00:07:11

Health: -8/66      AC: 11    Str: 19    XL:     7   Next: 8%
Magic:  7/7        EV:  7    Int:  9    God:
Gold:   120        SH:  5    Dex: 12    Spells: 6/6 levels left

rFire   . . .      SeeInvis .   a - +1 flail
rCold   . . .      Faith    .   i - +1 buckler
rNeg    . . .      Spirit   .   k - +0 chain mail
rPois   .          Reflect  .   (no helmet)
rElec   .          Harm     .   (no cloak)
rCorr   .          Rampage  .   (no gloves)
Will    .....                   (no boots)
Stlth   ..........              (no amulet)
HPRegen 0.21/turn               (no ring)
MPRegen 0.10/turn               (no ring)

@: unable to drink
A: rugged brown scales 2, weakness stinger 1, robust 1, wild magic 1, inability
to drink while threatened 1
a: no special abilities


You were on level 3 of the Dungeon.
You visited 1 branch of the dungeon, and saw 3 of its levels.
You also visited: Sewer.

You collected 120 gold pieces.

Inventory:

Hand Weapons
 a - a +1 flail (weapon)
Missiles
 m - a curare-tipped dart (quivered)
Armour
 b - a +0 scale mail
 c - a +0 helmet
 i - a +1 buckler (worn)
 k - a +0 chain mail (worn)
Magical Staves
 e - a staff of conjuration
Scrolls
 g - a scroll of enchant weapon
 j - a scroll of blinking {unknown}
 n - a scroll of identify
 o - a scroll of noise {unknown}
Potions
 d - a potion of might
 h - 2 potions of haste


   Skills:
 * Level 6.1 Fighting
 + Level 3.8 Maces & Flails
 + Level 2.7 Armour
 - Level 3.0 Dodging
 - Level 2.6 Shields


You had 6 spell levels left.
You didn't know any spells.
Your spell library contained the following spells:

 Spells                   Type           Power      Damage    Failure   Level
 Ensorcelled Hibernation  Hex/Ice        0%         N/A       100%        2
 Passwall                 Tmut/Erth      0%         N/A       100%        2
 Swiftness                Air            0%         N/A       100%        3


Dungeon Overview and Level Annotations

Branches:
Dungeon (3/15)              Sewer (visited)

Altars:
Ru


Innate Abilities, Weirdness & Mutations

You are mostly covered in rugged brown scales. (AC +2, +5% HP)
You have a small tail.
You are robust. (+10% HP)
Your spells are a little harder to cast, but a little more powerful.
You occasionally lose the ability to drink potions when taking damage.


Message History

You hit the orc.
The orc is heavily wounded.
The orc hits you but does no damage. x2
You barely miss the orc. You tail-slap the orc.
The orc is almost dead.
The orc barely misses you.
You barely miss the orc.
The orc is almost dead.
The orc hits you with a +0 hand axe.
You closely miss the orc.
The orc is almost dead.
The orc hits you but does no damage.
The orc priest miscasts a cantrip.
You barely miss the orc.
The orc is almost dead.
The orc hits you but does no damage. x2
You sock the orc!
You kill the orc!
You sock the orc wizard!
The orc wizard is almost dead.
The orc wizard points at you and mumbles some strange words.
The magic dart hits you.
You sock the orc wizard!
You kill the orc wizard!
You hit the orc priest.
The orc priest is almost dead.
The orc priest calls down the wrath of Beogh upon you.
Beogh smites you!
The orc priest invokes the aid of Beogh against you.
Beogh smites you!
* * * LOW HITPOINT WARNING * * *
It was a potion of magic.
Magic courses through your body. The orc priest closely misses you.
It was a potion of mutation.
You feel extremely strange.
You occasionally lose the ability to drink potions when threatened.
You feel less in control of your magic.
You feel robust.
The orc priest mumbles some strange prayers to Beogh against you.
Beogh smites you!
You feel threatened and lose the ability to drink potions!
You die...

....#
#####.............##....
)...#
........#.........##....
....#
........#o..............
....#
........#...............
....#
........#...............
#####
........#........†######
........#......(..# .
#o#.........# .
#@#.........# ..
#...........# ..
#.....####### ## #.#####
# ...# #####


You could see an orc priest.

Vanquished Creatures
  5 kobold brigands (Sewer)
  An orc wizard (D:3)
  8 adders
  2 river rats (Sewer)
  5 worms
  3 dart slugs
  An orc (D:3)
  10 ball pythons
  7 bats
  8 endoplasms
  6 giant cockroaches
  4 hobgoblins
  3 jackals (D:1)
  3 frilled lizards
  4 goblins (D:1)
  10 kobolds
  5 rats
85 creatures vanquished.

Notes
Turn   | Place    | Note
-------+----------+-------------------------------------------
     0 | D:1      | IdlyInterested the Demonspawn Fighter began the quest for
                  | the Orb.
     0 | D:1      | Reached XP level 1. HP: 18/18 MP: 1/1
   155 | D:1      | Found a faded altar of an unknown god.
   326 | D:1      | Gained mutation: You are partially covered in rugged brown
                  | scales. (AC +1, +3% HP) [demonic ancestry]
   326 | D:1      | Reached XP level 2. HP: 18/24 MP: 2/2
   495 | D:1      | Reached skill level 1 in Dodging
   538 | D:1      | Reached XP level 3. HP: 29/29 MP: 3/3
  1219 | D:2      | Found a sacrificial altar of Ru.
  1260 | D:2      | Reached skill level 4 in Fighting
  1295 | D:2      | Gained mutation: You have a small tail. [demonic ancestry]
  1295 | D:2      | Reached XP level 4. HP: 23/38 MP: 4/4
  2226 | D:3      | Found a glowing drain.
  2272 | Sewer    | Entered a sewer
  2459 | Sewer    | Noticed a kobold brigand
  2469 | Sewer    | Killed a kobold brigand
  2470 | Sewer    | Reached XP level 5. HP: 32/44 MP: 5/5
  2789 | Sewer    | Reached skill level 5 in Fighting
  2789 | Sewer    | Reached XP level 6. HP: 48/52 MP: 6/6
  3180 | Sewer    | Reached skill level 6 in Fighting
  3323 | Sewer    | Gained mutation: You are mostly covered in rugged brown
                  | scales. (AC +2, +5% HP) [demonic ancestry]
  3323 | Sewer    | Reached XP level 7. HP: 53/60 MP: 7/7
  3615 | D:3      | Gained mutation: You occasionally lose the ability to drink
                  | potions when taking damage. [potion of mutation]
  3615 | D:3      | Gained mutation: Your spells are a little harder to cast,
                  | but a little more powerful. [potion of mutation]
  3615 | D:3      | Gained mutation: You are robust. (+10% HP) [potion of
                  | mutation]
  3615 | D:3      | Killed from afar by an orc priest

Illustrated notes

Levels and vault maps discovered:
D:1:      dpeg_arrival_snail, layout_basic, hellmonk_ecumenical_altar_lost_god,
          chequers_decorated_corner
D:2:      layout_basic, basic_altar
D:3:      layout_basic, gup_sewer_entry_glass

Skill      XL: |  1  2  3  4  5  6 |
---------------+-------------------+-----
Maces & Flails | 2 3 |  3.8
Dodging        | 1 2 3 |  3.0
Fighting       | 4 5 6 |  6.1
Armour         | |  2.7
Shields        | |  2.6

Action                   |  1- 3 |  4- 6 |  7- 9 || total
-------------------------+-------+-------+-------++-------
Melee: Flail             |   122 |   171 |    34 ||   327
       Tailslap          |       |    20 |     5 ||    25
  Use: Scroll            |     2 |     3 |       ||     5
       Potion            |     1 |     3 |     2 ||     6
Armor: Scale mail        |    64 |    12 |       ||    76
       Chain mail        |       |    58 |    17 ||    75
Dodge: Dodged            |    82 |    54 |     8 ||   144
Block: Buckler           |    28 |    36 |     2 ||    66

Table legend: (Time is in decaauts)
 A = Elapsed time spent in this place.
 B = Non-inter-level travel time spent in this place.
 C = Inter-level travel time spent in this place.
 D = Time resting spent in this place.
 E = Time spent auto-exploring this place.
 F = Levels seen in this place.
 G = Mean time per level.
                   A        B        C        D        E       F      G
               +--------+--------+--------+--------+--------+-----+--------+
         Total |   3849 |   3662 |    187 |   1002 |   1756 |   4 |  962.2 |
       Dungeon |   2389 |   2202 |    187 |    540 |   1075 |   3 |  796.3 |
         Sewer |   1459 |   1459 |      0 |    462 |    681 |   1 | 1459.0 |
               +--------+--------+--------+--------+--------+-----+--------+

Top non-repeatable levels by time:
   Sewer: 1459 daAuts
     D:1: 1047 daAuts
     D:2: 1005 daAuts
     D:3: 336 daAuts
